 Dungeon Sprint DCSS version 0.18-a0-1196-g09327cf (webtiles) character file.

220 Oddball22 the Inquisitive (level 5, -3/37 HPs)
             Began as a Demonspawn Artificer on Jan 30, 2016.
             Was a Follower of Pakellas.
             Slain by an orc warrior
             ... wielding a +2 flail of crushing
              (14 damage)
             ... in the Dungeon (Sprint IX: "|||||||||||||||||||||||||||||").
             The game lasted 00:02:39 (243 turns).

Oddball22 the Inquisitive (Demonspawn Artificer)     Turns: 243, Time: 00:02:40

Health: -3/37      AC: 10    Str: 12    XL:     5   Next: 64%
Magic:  1/11       EV: 14    Int: 13    God:    Pakellas [*.....]
Gold:   0          SH:  0    Dex: 20    Spells: 0 memorised, 4 levels left

rFire  . . .     SeeInvis .     a - +0 short sword
rCold  . . .     Gourm    .     t - +2 ring mail
rNeg   . . .     Faith    .     (no shield)
rPois  .         Spirit   .     (helmet restricted)
rElec  .         Dismiss  .     (no cloak)
rCorr  .         Reflect  .     (no gloves)
SustAt .         Harm     .     (no boots)
MR     .....     NoTele   +     (no amulet)
Stlth  ++........               v - +3 ring of dexterity
                                u - +3 ring of dexterity

@: exhausted, slowed, very slow, not resistant to hostile enchantments,
unstealthy
A: antennae 1, slimy green scales 2, nightstalker 1
a: Quick Charge, Renounce Religion


You were in the Dungeon.
You worshipped Pakellas.
Pakellas was aware of your devotion.
You were not hungry.

You visited 1 branch

Inventory:

Hand Weapons
 a - a +0 short sword (weapon)
Armour
 s - a +0 helmet
 t - a +2 ring mail (worn)
Magical Staves
 r - an uncursed staff of energy
Jewellery
 u - a +3 ring of dexterity (left hand)
 v - a +3 ring of dexterity (right hand)
Wands
 c - a wand of flame (13/48)
 d - a wand of enslavement (12/24)
 e - a wand of random effects (15/48)
 q - a wand of fireball (7/15)
Scrolls
 l - 2 scrolls of blinking
 o - 3 scrolls of remove curse
 p - 2 scrolls of amnesia
Potions
 g - 5 potions of curing
 h - a potion of invisibility
 i - a potion of haste
 j - 4 potions of magic
Comestibles
 f - a bread ration


   Skills:
 - Level 1.0 Fighting
 + Level 6.0 Short Blades
 + Level 5.5 Dodging
 - Level 0.8 Stealth
 * Level 8.4 Evocations


You had 4 spell levels left.
You didn't know any spells.

Dungeon Overview and Level Annotations

Branches:
Dungeon (1/1)

Altars:
Cheibriados
Dithmenos
Elyvilon
Fedhas
Gozag
Kikubaaqudgha
Makhleb
Nemelex Xobeh
Okawaru
Pakellas
Qazlal
Ru
Sif Muna
Trog
Vehumet
Xom
Yredelemnul
Zin
The Shining One
Beogh
Jiyva
Lugonu


Innate Abilities, Weirdness & Mutations

You have a pair of small antennae on your head.
You are mostly covered in slimy green scales (AC +3).
You are slightly more attuned to the shadows.


Message History

The orc warrior hits you with a flail of crushing.
Evoke which item? (* to show all) (? for menu, Esc to quit)
Zapping:
c - a wand of flame (15/48)
Press: ? - help, Shift-Dir - straight line, f - orc warrior
Aim: an orc warrior, wielding a flail of crushing and wearing a chain mail (heavily wounded)
The puff of flame hits the orc warrior.
The orc warrior is severely wounded.
This wand has 14 charges left.
The orc warrior hits you but does no damage.
Evoke which item? (* to show all) (? for menu, Esc to quit)
Zapping:
c - a wand of flame (14/48)
Press: ? - help, Shift-Dir - straight line, f/p - orc warrior
Aim: an orc warrior, wielding a flail of crushing and wearing a chain mail (severely wounded)
The puff of flame hits the orc warrior.
The orc warrior is severely wounded.
This wand has 13 charges left.
The orc warrior hits you with a flail of crushing!
* * * LOW HITPOINT WARNING * * *
The orc warrior hits you with a flail of crushing!
You die... ▓▓▓▓▓▓▓▓▓▓▓▓▓▓▓▓▓▓▓▓▓▓ +..Jo@.'..[.[)...'____ ▓▓▓▓▓▓▓▓▓▓▓▓▓▓▓▓▓▓▓▓▓▓

You could see an orc warrior and a jelly.

Vanquished Creatures
  An eye of draining (D)
  A centaur (D)
  A wight (D)
  A crimson imp (D)
  An iguana (D)
  A bat (D)
  A hobgoblin (D)
  A giant newt (D)
  2 goblins (D)
10 creatures vanquished.

Vanquished Creatures (collateral kills)
  A hound (D)
  An adder skeleton (D)
  A bat skeleton (D)
3 creatures vanquished.

Vanquished Creatures (others)
  A worker ant (D)
1 creature vanquished.

Grand Total: 14 creatures vanquished

Notes
Turn   | Place    | Note
--------------------------------------------------------------
     0 | D        | Oddball22 the Demonspawn Artificer began the quest for the Orb.
     0 | D        | Reached XP level 1. HP: 15/15 MP: 3/3
     4 | D        | Reached skill level 1 in Short Blades
    83 | D        | Noticed a hound
    83 | D        | Noticed a centaur
    83 | D        | Noticed a worker ant
   111 | D        | Killed a hound
   111 | D        | Reached skill level 4 in Evocations
   111 | D        | Gained mutation: You are partially covered in slimy green scales (AC +2). [demonic ancestry]
   111 | D        | Reached XP level 2. HP: 4/21 MP: 5/5
   114 | D        | Gained mutation: You are slightly more attuned to the shadows. [demonic ancestry]
   114 | D        | Reached XP level 3. HP: 26/26 MP: 6/6
   135 | D        | Found a glowing silver altar of Zin.
   135 | D        | Found a glowing golden altar of the Shining One.
   135 | D        | Found an ancient bone altar of Kikubaaqudgha.
   135 | D        | Found a basalt altar of Yredelemnul.
   135 | D        | Found a shimmering altar of Xom.
   136 | D        | Found a radiant altar of Vehumet.
   137 | D        | Found an iron altar of Okawaru.
   138 | D        | Found a burning altar of Makhleb.
   139 | D        | Found a deep blue altar of Sif Muna.
   140 | D        | Found a bloodstained altar of Trog.
   141 | D        | Found a sparkling altar of Nemelex Xobeh.
   142 | D        | Found a white marble altar of Elyvilon.
   143 | D        | Found a roughly hewn altar of Beogh.
   144 | D        | Found a viscous altar of Jiyva.
   145 | D        | Found a corrupted altar of Lugonu.
   146 | D        | Found a blossoming altar of Fedhas.
   147 | D        | Found a snail-covered altar of Cheibriados.
   148 | D        | Found a shadowy altar of Dithmenos.
   149 | D        | Found a stormy altar of Qazlal.
   150 | D        | Found an opulent altar of Gozag.
   151 | D        | Found a sacrificial altar of Ru.
   152 | D        | Found an oddly glowing altar of Pakellas.
   159 | D        | Became a worshipper of Pakellas the Inventive
   209 | D        | Noticed an orc warrior
   209 | D        | Noticed an eye of draining
   215 | D        | Reached skill level 5 in Evocations
   221 | D        | Killed an eye of draining
   221 | D        | Reached * piety under Pakellas
   221 | D        | Reached skill level 5 in Short Blades
   221 | D        | Reached skill level 7 in Evocations
   221 | D        | Gained mutation: You have a pair of small antennae on your head. [demonic ancestry]
   221 | D        | Reached XP level 4. HP: 32/32 MP: 1/9
   221 | D        | Gained mutation: You are mostly covered in slimy green scales (AC +3). [demonic ancestry]
   221 | D        | Reached XP level 5. HP: 37/37 MP: 1/10
   224 | D        | Reached skill level 5 in Dodging
   232 | D        | Reached skill level 8 in Evocations
   243 | D        | Slain by an orc warrior

Vault maps used:
D:        linesprint

Action                   |  1- 3 |  4- 6 || total
-------------------------+-------+-------++-------
Melee: Short sword       |    24 |    17 ||    41
Evoke: Wand              |     3 |     2 ||     5
  Use: Potion            |     2 |     2 ||     4
 Stab: Betrayed ally     |     1 |       ||     1
